| TOP OF THE 1ST |
|
Stockton Mariners batting - Pitching for Visalia Mets : RHP Tom Rowe
|
|
Pitching: RHP Tom Rowe
|
|
|
Batting: LHB Harold Perkins
|
0-0: Ball 1-0: Called Strike 1-1: Bunt missed! 1-2: Fly out, F6 (Flyball, 6D, EV 81.3 MPH)
|
|
Batting: LHB Ricky Nelson
|
0-0: Ground out 4-3 (Groundball, 34D, EV 106.9 MPH)
|
|
Batting: LHB Marvin Ward
|
0-0: Ball 1-0: Foul Ball, location: 2F 1-1: Ball 2-1: Ball 3-1: SINGLE (Groundball, 3D, EV 101.3 MPH)
|
|
Batting: LHB David Cawthon
|
0-0: Ball 1-0: Ball 2-0: Called Strike 2-1: Fly out, F7 (Flyball, 78D, EV 90.0 MPH)
|
| Top of the 1st over - 0 runs, 1 hit, 0 errors, 1 left on base; Stockton 0 - Visalia 0 |
| BOTTOM OF THE 1ST |
|
Visalia Mets batting - Pitching for Stockton Mariners : LHP Dan Weppner
|
|
Pitching: LHP Dan Weppner
|
|
|
Batting: RHB Danny Ainge
|
0-0: Ball 1-0: Ball 2-0: Called Strike 2-1: Foul Ball, location: 2F 2-2: Foul Ball, location: 2F 2-2: Fly out, F8 (Flyball, 78M, EV 81.9 MPH)
|
|
Batting: SHB David Navarro
|
0-0: Ball 1-0: Swinging Strike 1-1: Fly out, F7 (Line Drive, 7, EV 95.6 MPH)
|
|
Batting: LHB Huey Gayden
|
0-0: Ball 1-0: Ball 2-0: Ball 3-0: Base on Balls
|
|
Batting: LHB Pete Dalena
|
0-0: Called Strike 0-1: SINGLE (Groundball, 6MD, EV 95.6 MPH) Huey Gayden to second
|
|
Batting: SHB Marcos Gomez
|
0-0: Ball 1-0: Ball 2-0: Foul Ball, location: 2F 2-1: Called Strike 2-2: Fielders Choice at 2nd, 5-4 (Groundball, 5, EV 77.5 MPH)
|
| Bottom of the 1st over - 0 runs, 1 hit, 0 errors, 2 left on base; Stockton 0 - Visalia 0 |
| TOP OF THE 2ND |
|
Stockton Mariners batting - Pitching for Visalia Mets : RHP Tom Rowe
|
|
Batting: LHB Joe Perna
|
0-0: Ball 1-0: Fly out, F8 (Flyball, 8RXD, EV 98.8 MPH)
|
|
Batting: SHB Eddie Tanner
|
0-0: Ball 1-0: Ball 2-0: Foul Ball, location: 2F 2-1: Foul Ball, location: 2F 2-2: Ball 3-2: DOUBLE (Line Drive, 7LM, EV 108.1 MPH)
|
|
Batting: RHB Orlando Mercado
|
0-0: Ball 1-0: Swinging Strike 1-1: Foul Ball, location: 2F 1-2: Ball 2-2: Strikes out swinging
|
|
Batting: LHB Victor Gavidia
|
0-0: Ball 1-0: Ground out 5-3 (Groundball, 56, EV 105.0 MPH)
|
| Top of the 2nd over - 0 runs, 1 hit, 0 errors, 1 left on base; Stockton 0 - Visalia 0 |
| BOTTOM OF THE 2ND |
|
Visalia Mets batting - Pitching for Stockton Mariners : LHP Dan Weppner
|
|
Batting: RHB Ed Sedar
|
0-0: Ball 1-0: Ball 2-0: Called Strike 2-1: Ground out 1-3 (Groundball, 13S, EV 75.0 MPH)
|
|
Batting: SHB Rene Quinones
|
0-0: Foul Ball, location: 2F 0-1: Ball 1-1: Foul Ball, location: 2F 1-2: Ground out 5-3 (Groundball, 5S, EV 85.6 MPH)
|
|
Batting: RHB Ken Frazier
|
0-0: Ball 1-0: Ball 2-0: Ball 3-0: Base on Balls
|
|
Batting: RHB Gabriel de la Sancha
|
0-0: Foul Ball, location: 2F 0-1: Called Strike 0-2: Ball 1-2: Ball 2-2: Fly out, F7 (Flyball, 7LS, EV 81.3 MPH)
|
| Bottom of the 2nd over - 0 runs, 0 hits, 0 errors, 1 left on base; Stockton 0 - Visalia 0 |
| TOP OF THE 3RD |
|
Stockton Mariners batting - Pitching for Visalia Mets : RHP Tom Rowe
|
|
Batting: RHB Brian Greer
|
0-0: Ball 1-0: Ball 2-0: Ball 3-0: Called Strike 3-1: Base on Balls
|
|
Batting: LHB Harold Perkins
|
0-0: Ball 1-0: Foul Ball, location: 2F 1-1: Ball 2-1: Foul Ball, location: 2F 2-2: Fly out, F8 (Flyball, 8LD, EV 95.6 MPH)
|
|
Batting: LHB Ricky Nelson
|
0-0: Foul Ball, location: 2F 0-1: Foul Ball, location: 2F 0-2: Ball 1-2: SINGLE (Groundball, 34D, EV 98.8 MPH) Brian Greer to second Runner from 2nd tries for 3rd, SAFE, throw by RF made to third
|
|
Batting: LHB Marvin Ward
|
0-0: Grounds into double play, 4-6-3 (Groundball, 4, EV 86.3 MPH)
|
| Top of the 3rd over - 0 runs, 1 hit, 0 errors, 1 left on base; Stockton 0 - Visalia 0 |
| BOTTOM OF THE 3RD |
|
Visalia Mets batting - Pitching for Stockton Mariners : LHP Dan Weppner
|
|
Batting: RHB Danny Ainge
|
0-0: Ball 1-0: Foul Ball, location: 2F 1-1: Ball 2-1: Swinging Strike 2-2: Ground out 4-3 (Groundball, 4, EV 85.0 MPH)
|
|
Batting: SHB David Navarro
|
0-0: Fly out, F8 (Flyball, 8RD, EV 80.0 MPH)
|
|
Batting: LHB Huey Gayden
|
0-0: Foul Ball, location: 2F 0-1: Called Strike 0-2: Ball 1-2: Foul Ball, location: 2F 1-2: Ball 2-2: Foul Ball, location: 2F 2-2: Foul Ball, location: 2F 2-2: Ball 3-2: Foul Ball, location: 2F 3-2: Foul Ball, location: 2F 3-2: Foul Ball, location: 2F 3-2: Foul Ball, location: 2F 3-2: Foul Ball, location: 2F 3-2: SINGLE (Line Drive, 7LS, EV 93.8 MPH)
|
|
Batting: LHB Pete Dalena
|
0-0: Ball 1-0: SINGLE (Groundball, 4D, EV 103.1 MPH) Huey Gayden to second Runner from 2nd tries for 3rd, SAFE, no throw by CF
|
|
Batting: SHB Marcos Gomez
|
0-0: Called Strike 0-1: Ball 1-1: Called Strike 1-2: Strikes out swinging
|
| Bottom of the 3rd over - 0 runs, 2 hits, 0 errors, 2 left on base; Stockton 0 - Visalia 0 |
| TOP OF THE 4TH |
|
Stockton Mariners batting - Pitching for Visalia Mets : RHP Tom Rowe
|
|
Batting: LHB David Cawthon
|
0-0: Called Strike 0-1: Swinging Strike 0-2: Foul Ball, location: 2F 0-2: Ball 1-2: Foul Ball, location: 2F 1-2: Ball 2-2: DOUBLE (Groundball, 3L, EV 103.1 MPH)
|
|
Batting: LHB Joe Perna
|
0-0: Ball 1-0: Ball 2-0: Called Strike 2-1: Ball 3-1: SINGLE (Groundball, 3D, EV 95.0 MPH) David Cawthon to third
|
|
Batting: SHB Eddie Tanner
|
Balk! David Cawthon scores Joe Perna to second 0-0: Swinging Strike 0-1: Ball 1-1: Foul Ball, location: 2F 1-2: Foul Ball, location: 2F 1-2: Ball 2-2: Fly out, F5 (Popup, 5SF, EV 65.6 MPH)
|
|
Batting: RHB Orlando Mercado
|
0-0: Ball 1-0: Ball 2-0: Swinging Strike 2-1: Fly out, F8 (Flyball, 8LD, EV 90.0 MPH)
|
|
Batting: LHB Victor Gavidia
|
0-0: Ball 1-0: SINGLE (Line Drive, 8RS, EV 107.5 MPH) Joe Perna to third Runner from 3rd tries for Home, SAFE, throw by CF to home Victor Gavidia to second
|
|
Batting: RHB Brian Greer
|
0-0: Ball 1-0: Called Strike 1-1: Foul Ball, location: 2F 1-2: Strikes out swinging
|
| Top of the 4th over - 2 runs, 3 hits, 0 errors, 1 left on base; Stockton 2 - Visalia 0 |
| BOTTOM OF THE 4TH |
|
Visalia Mets batting - Pitching for Stockton Mariners : LHP Dan Weppner
|
|
Batting: RHB Ed Sedar
|
0-0: Ball 1-0: Swinging Strike 1-1: Hit by Pitch
|
|
Batting: SHB Rene Quinones
|
Pickoff Throw to First - Out! 1-3 0-0: Ball 1-0: DOUBLE (Line Drive, 7LM, EV 94.4 MPH)
|
|
Batting: RHB Ken Frazier
|
0-0: Ball 1-0: Called Strike 1-1: Foul Ball, location: 2F 1-2: Strikes out looking
|
|
Batting: RHB Gabriel de la Sancha
|
0-0: Ball 1-0: Called Strike 1-1: Ball 2-1: Ground out 5-3 (Groundball, 56, EV 104.4 MPH)
|
| Bottom of the 4th over - 0 runs, 1 hit, 0 errors, 1 left on base; Stockton 2 - Visalia 0 |
| TOP OF THE 5TH |
|
Stockton Mariners batting - Pitching for Visalia Mets : RHP Tom Rowe
|
|
Batting: LHB Harold Perkins
|
0-0: Ground out U3 (Groundball, 34S, EV 86.3 MPH)
|
|
Batting: LHB Ricky Nelson
|
0-0: Called Strike 0-1: Ground out 4-3 (Groundball, 4, EV 87.5 MPH)
|
|
Batting: LHB Marvin Ward
|
0-0: Ball 1-0: Called Strike 1-1: Ground out U3 (Groundball, 3, EV 108.8 MPH)
|
| Top of the 5th over - 0 runs, 0 hits, 0 errors, 0 left on base; Stockton 2 - Visalia 0 |
| BOTTOM OF THE 5TH |
|
Visalia Mets batting - Pitching for Stockton Mariners : LHP Dan Weppner
|
|
Batting: RHB Danny Ainge
|
0-0: Ball 1-0: Ball 2-0: Fly out, F4 (Popup, 34D, EV 65.0 MPH)
|
|
Batting: SHB David Navarro
|
0-0: Ball 1-0: Fly out, F6 (Popup, 6MD, EV 58.1 MPH)
|
|
Batting: LHB Huey Gayden
|
0-0: Called Strike 0-1: Ball 1-1: Called Strike 1-2: Ball 2-2: Ball 3-2: Strikes out swinging
|
| Bottom of the 5th over - 0 runs, 0 hits, 0 errors, 0 left on base; Stockton 2 - Visalia 0 |
| TOP OF THE 6TH |
|
Stockton Mariners batting - Pitching for Visalia Mets : RHP Tom Rowe
|
|
Batting: LHB David Cawthon
|
0-0: Called Strike 0-1: Ball 1-1: Ball 2-1: Ball 3-1: Called Strike 3-2: Foul Ball, location: 2F 3-2: Base on Balls
|
|
Batting: LHB Joe Perna
|
0-0: Ball 1-0: Ball 2-0: SINGLE (Groundball, P, EV 86.9 MPH) (infield hit) David Cawthon to second
|
|
Batting: SHB Eddie Tanner
|
0-0: Called Strike 0-1: Ball 1-1: Ball 2-1: Ball 3-1: Base on Balls David Cawthon to third Joe Perna to second
|
|
Batting: RHB Orlando Mercado
|
0-0: Ball 1-0: Fly out, F8 (Flyball, 8LM, EV 90.6 MPH) Runner from 3rd tags up, SCORES, throw by CF
|
|
Batting: LHB Victor Gavidia
|
0-0: Ball 1-0: Ball 2-0: Fly out, F9 (Flyball, 89M, EV 94.4 MPH)
|
|
Batting: RHB Brian Greer
|
0-0: Fielders Choice at 2nd, 6-4 (Groundball, 6, EV 87.5 MPH)
|
| Top of the 6th over - 1 run, 1 hit, 0 errors, 2 left on base; Stockton 3 - Visalia 0 |
| BOTTOM OF THE 6TH |
|
Visalia Mets batting - Pitching for Stockton Mariners : LHP Dan Weppner
|
|
Batting: LHB Pete Dalena
|
0-0: Fly out, F9 (Flyball, 9, EV 86.9 MPH)
|
|
Batting: SHB Marcos Gomez
|
0-0: Ball 1-0: Foul Ball, location: 2F 1-1: SINGLE (Flyball, 3D, EV 95.0 MPH)
|
|
Batting: RHB Ed Sedar
|
0-0: Ball 1-0: Called Strike 1-1: Ball 2-1: Ball 3-1: Fly out, F7 (Flyball, 7LS, EV 85.6 MPH)
|
|
Batting: SHB Rene Quinones
|
0-0: Called Strike 0-1: Swinging Strike 0-2: Strikes out swinging wild pitch, reaches first! Marcos Gomez to second
|
|
Batting: RHB Ken Frazier
|
0-0: Ball 1-0: DOUBLE (Flyball, 89XD, EV 95.0 MPH) Marcos Gomez scores Rene Quinones to third Runner from 3rd tries for Home, SAFE, no throw by RF
|
|
Batting: RHB Gabriel de la Sancha
|
0-0: Ball 1-0: Ground out 6-3 (Groundball, 56, EV 86.3 MPH)
|
| Bottom of the 6th over - 2 runs, 2 hits, 0 errors, 1 left on base; Stockton 3 - Visalia 2 |
| TOP OF THE 7TH |
|
Stockton Mariners batting - Pitching for Visalia Mets : RHP Tom Rowe
|
|
Batting: LHB Harold Perkins
|
0-0: Ball 1-0: Ball 2-0: Ball 3-0: Base on Balls
|
|
Batting: LHB Ricky Nelson
|
0-0: Ball 1-0: Called Strike 1-1: Ball 2-1: SINGLE (Line Drive, 8RS, EV 93.8 MPH) Harold Perkins to second Runner from 2nd tries for 3rd, SAFE, no throw by CF
|
|
Batting: LHB Marvin Ward
|
0-0: Called Strike 0-1: DOUBLE (Flyball, 78XD, EV 105.0 MPH) Harold Perkins scores Ricky Nelson to third
|
|
Batting: LHB David Cawthon
|
0-0: SINGLE (Groundball, 56D, EV 103.1 MPH) Ricky Nelson scores Marvin Ward to third
|
|
Pitching: RHP Marcos Gonzalez
|
|
|
Batting: LHB Joe Perna
|
0-0: Called Strike 0-1: Swinging Strike 0-2: Foul Ball, location: 2F 0-2: Foul Ball, location: 2F 0-2: Ball 1-2: Ball 2-2: Ball 3-2: SINGLE (Groundball, 56D, EV 104.4 MPH) Marvin Ward scores David Cawthon to second David Cawthon to third
|
|
Batting: SHB Eddie Tanner
|
0-0: Ball 1-0: Called Strike 1-1: Fielders Choice at 2nd, 4-6 (Groundball, 34, EV 76.9 MPH) David Cawthon scores
|
|
Now at SS: Daniel Robie
|
|
|
Batting: RHB Orlando Mercado
|
0-0: Ball 1-0: Called Strike 1-1: Fielders Choice at 2nd, 5-4 (Groundball, 5, EV 85.0 MPH)
|
|
Batting: LHB Victor Gavidia
|
0-0: Swinging Strike 0-1: Called Strike 0-2: Ball 1-2: Strikes out swinging
|
| Top of the 7th over - 4 runs, 4 hits, 0 errors, 1 left on base; Stockton 7 - Visalia 2 |
| BOTTOM OF THE 7TH |
|
Visalia Mets batting - Pitching for Stockton Mariners : LHP Dan Weppner
|
|
Batting: RHB Danny Ainge
|
0-0: Fly out, F8 (Flyball, 8RM, EV 93.1 MPH)
|
|
Batting: SHB David Navarro
|
0-0: Ball 1-0: Swinging Strike 1-1: Ball 2-1: Ground out 4-3 (Groundball, 4, EV 84.4 MPH)
|
|
Batting: LHB Huey Gayden
|
0-0: Foul Ball, location: 2F 0-1: Fly out, F7 (Flyball, 7LM, EV 91.3 MPH)
|
| Bottom of the 7th over - 0 runs, 0 hits, 0 errors, 0 left on base; Stockton 7 - Visalia 2 |
| TOP OF THE 8TH |
|
Stockton Mariners batting - Pitching for Visalia Mets : RHP Marcos Gonzalez
|
|
Batting: RHB Brian Greer
|
0-0: Called Strike 0-1: Ball 1-1: SOLO HOME RUN (Flyball, 7D, EV 109.4 MPH), Distance : 365 ft
|
|
Batting: LHB Harold Perkins
|
0-0: Ball 1-0: Foul Ball, location: 2F 1-1: Foul Ball, location: 2F 1-2: SINGLE (Line Drive, 78S, EV 111.9 MPH)
|
|
Batting: LHB Ricky Nelson
|
0-0: Grounds into double play, 5-4-3 (Groundball, 5, EV 85.6 MPH)
|
|
Batting: LHB Marvin Ward
|
0-0: Ball 1-0: Ball 2-0: Ball 3-0: Base on Balls
|
|
Batting: LHB David Cawthon
|
0-0: Foul Ball, location: 2F 0-1: Swinging Strike 0-2: Strikes out swinging
|
| Top of the 8th over - 1 run, 2 hits, 0 errors, 1 left on base; Stockton 8 - Visalia 2 |
| BOTTOM OF THE 8TH |
|
Visalia Mets batting - Pitching for Stockton Mariners : LHP Dan Weppner
|
|
Batting: LHB Pete Dalena
|
0-0: Called Strike 0-1: Called Strike 0-2: Strikes out swinging
|
|
Batting: SHB Marcos Gomez
|
0-0: Fly out, F4 (Popup, 3D, EV 56.9 MPH)
|
|
Batting: RHB Ed Sedar
|
0-0: Swinging Strike 0-1: Ground out 1-3 (Groundball, P, EV 68.8 MPH)
|
| Bottom of the 8th over - 0 runs, 0 hits, 0 errors, 0 left on base; Stockton 8 - Visalia 2 |
| TOP OF THE 9TH |
|
Stockton Mariners batting - Pitching for Visalia Mets : RHP Marcos Gonzalez
|
|
Batting: LHB Joe Perna
|
0-0: Ball 1-0: Ball 2-0: Ball 3-0: Called Strike 3-1: Base on Balls
|
|
Pitching: RHP Javy Velez
|
|
|
Batting: SHB Eddie Tanner
|
0-0: Ball 1-0: Grounds out, U3 (Groundball, 3L, EV 90.0 MPH)
|
|
Batting: RHB Orlando Mercado
|
0-0: Fly out, F8 (Flyball, 89M, EV 93.8 MPH)
|
|
Batting: LHB Victor Gavidia
|
0-0: Called Strike 0-1: Ball 1-1: Foul Ball, location: 2F 1-2: Strikes out swinging
|
| Top of the 9th over - 0 runs, 0 hits, 0 errors, 1 left on base; Stockton 8 - Visalia 2 |
| BOTTOM OF THE 9TH |
|
Visalia Mets batting - Pitching for Stockton Mariners : LHP Dan Weppner
|
|
Batting: SHB Daniel Robie
|
0-0: Ball 1-0: Ball 2-0: Fly out, F8 (Flyball, 8LXD, EV 86.9 MPH)
|
|
Batting: RHB Ken Frazier
|
0-0: Foul Ball, location: 2F 0-1: Ball 1-1: SINGLE (Line Drive, 9S, EV 91.3 MPH)
|
|
Batting: RHB Gabriel de la Sancha
|
0-0: Ball 1-0: Ball 2-0: Swinging Strike 2-1: Swinging Strike 2-2: Foul Ball, location: 2F 2-2: Strikes out looking
|
|
Batting: RHB Danny Ainge
|
0-0: Ball 1-0: Called Strike 1-1: Ball 2-1: Foul Ball, location: 2F 2-2: Foul Ball, location: 2F 2-2: Ball 3-2: Base on Balls Ken Frazier to second
|
|
Batting: SHB David Navarro
|
0-0: Ball 1-0: Foul Ball, location: 2F 1-1: Foul Ball, location: 2F 1-2: Ball 2-2: SINGLE (Line Drive, 6MD, EV 97.5 MPH) Ken Frazier to third Danny Ainge to second
|
|
Batting: LHB Huey Gayden
|
0-0: Ball 1-0: Ball 2-0: Ball 3-0: Called Strike 3-1: Ground out 4-3 (Groundball, 4, EV 85.6 MPH)
|
| Bottom of the 9th over - 0 runs, 2 hits, 0 errors, 3 left on base; Stockton 8 - Visalia 2 |
|